 Dungeon Crawl Stone Soup version 0.31-a0-102-g33a4ccc0cb (webtiles) character file.

Game seed: 3307596704481569510

311 Sobieck the Conjurer (level 6, -1/32 HPs)
             Began as a Deep Elf Conjurer on May 26, 2023.
             Killed from afar by an acid dragon (33 damage)
             ... with a splash of acid
             ... on level 5 of the Dungeon.
             The game lasted 00:03:49 (3298 turns).

Sobieck the Conjurer (Deep Elf Conjurer)            Turns: 3298, Time: 00:03:50

Health: -1/32      AC:  4    Str:  4    XL:     6   Next: 18%
Magic:  15/16      EV: 12    Int: 37    God:
Gold:   242        SH:  0    Dex: 13    Spells: 5/16 levels left

rFire   . . .        (no weapon)
rCold   . . .        (no shield)
rNeg    . . .        a - +0 robe
rPois   .            n - +1 helmet
rElec   .            (no cloak)
rCorr   .            (no gloves)
SInv    .            (no boots)
Will    .....        (no amulet)
Stlth   ++           g - +6 ring of intelligence
HPRegen 0.25/turn    d - +6 ring of intelligence
MPRegen 0.15/turn

%: no passive effects
@: no status effects
A: no striking features
a: no special abilities


You were on level 5 of the Dungeon.
You visited 2 branches of the dungeon, and saw 6 of its levels.

You collected 242 gold pieces.

Inventory:

Missiles
 F - 3 curare-tipped darts
Armour
 a - a +0 robe (worn)
 f - a +0 buckler
 n - a +1 helmet (worn)
Jewellery
 d - a +6 ring of intelligence (right hand)
 g - a +6 ring of intelligence (left hand)
 m - a ring of willpower
 o - a ring of poison resistance
Scrolls
 h - a scroll of torment {unknown}
 T - 3 scrolls of teleportation
Potions
 b - a potion of magic
 c - 2 potions of enlightenment
 e - 2 potions of attraction {unknown}
 p - a potion of cancellation {unknown}
 H - a potion of haste
 Q - 5 potions of curing


   Skills:
 - Level 2.4 Dodging
 - Level 2.4 Stealth
 + Level 5.6 Spellcasting
 + Level 5.9 Conjurations
 + Level 4.4 Hexes


You had 5 spell levels left.
You knew the following spells:

 Your Spells              Type           Power      Damage    Failure   Level
a - Magic Dart            Conj           100%       1d8       1%          1
b - Searing Ray           Conj           100%       2d8       1%          2
c - Fulminant Prism       Conj/Hex       21%        3d12      5%          4
d - Iskenderun's Mystic   Conj/Tloc      27%        2d7       13%         4

Your spell library contained the following spells:

 Spells                   Type           Power      Damage    Failure   Level
 Dazzling Flash           Conj/Hex       86%        N/A       1%          3
 Passwall                 Tmut/Erth      4%         N/A       7%          2
 Yara's Violent Unravell  Hex/Tmut       10%        3d6       45%         5
 Alistair's Intoxication  Tmut/Pois      3%         N/A       77%         5


Dungeon Overview and Level Annotations

Branches:
Dungeon (5/15)             Temple (1/1) D:5

Altars:
Ashenzari
Dithmenos
Elyvilon
Fedhas
Gozag
Kikubaaqudgha
Nemelex Xobeh
Okawaru
Qazlal
Sif Muna
Trog
Uskayaw
Wu Jian
Yredelemnul
Zin
The Shining One


Message History

Found a white marble altar of Elyvilon.
Unknown command.
You enter the shallow water.
Moving in this stuff is going to be slow.
There is a shimmering blue altar of Sif Muna here.
Found an ancient bone altar of Kikubaaqudgha.
Found a blossoming altar of Fedhas.
Unknown command.
Found an iron altar of Okawaru.
Unknown command.
Found an ornate altar of the Wu Jian Council.
You enter the shallow water.
Moving in this stuff is going to be slow.
You enter the shallow water.
Moving in this stuff is going to be slow.
You enter the shallow water.
Moving in this stuff is going to be slow.
Found an opulent altar of Gozag.
Unknown command.
You enter the shallow water.
Moving in this stuff is going to be slow.
There is a glowing golden altar of the Shining One here.
You enter the shallow water.
Moving in this stuff is going to be slow.
You enter the shallow water.
Moving in this stuff is going to be slow.
Done exploring.
Unknown command.
(D) Dungeon (T) Temple
Where to? (Enter - D:5 @ (x,y), ? - help)
Okay, then.
Unknown command.
Unknown command.
(D) Dungeon (T) Temple
Where to? (Enter - D:5 @ (x,y), ? - help)
There is a staircase back to the Dungeon here.
You climb upwards.
Welcome back to the Dungeon!
There is a staircase to the Ecumenical Temple here.
Unknown command.
Unknown command.
An acid dragon comes into view.
An acid dragon is nearby!
Unknown command.
The magic dart hits the acid dragon.
The acid dragon is lightly wounded.
The acid dragon roars!
The acid dragon spits acid at you. The splash of acid hits you!!
Ouch! That really hurt!
You die...

#..#.....# ###..
###..#.#.#.## #..
............### ##.
##....#.8.#...########.
.#...#.......#.........†
D..#...8.>.8...#..######
#...#.......#....# #
#...†#.8.#....#.######
#....@.....#..........
###...#.#.##.##.##....
#.#?....##.##.##.###
#.##.#.###.##.##.# # #
#...# #.##.##.# # ####
#.##.##.# # #. #..... .
####># # ..#


You could see an acid dragon (catching breath).

Vanquished Creatures
  A black bear (D:5)
  An ogre (D:4)
  A sleepcap (D:4)
  4 adders
  An ufetubus (D:4)
  A worm (D:4)
  3 dart slugs
  4 orcs
  4 endoplasms
  2 giant cockroaches (D:1)
  7 goblins
  4 hobgoblins
  3 quokkas
  4 ball pythons
  3 bats (D:1)
  A frilled lizard (D:1)
  3 kobolds
  6 rats
53 creatures vanquished.

Notes
Turn   | Place    | Note
-------+----------+-------------------------------------------
     0 | D:1      | Sobieck the Deep Elf Conjurer began the quest for the Orb.
     0 | D:1      | Reached XP level 1. HP: 10/10 MP: 6/6
   299 | D:1      | Reached skill level 1 in Hexes
   423 | D:1      | Reached XP level 2. HP: 15/15 MP: 6/8
   426 | D:1      | Learned a level 2 spell: Searing Ray
   800 | D:2      | Found a hide-covered altar of Uskayaw.
  1174 | D:2      | Reached XP level 3. HP: 19/19 MP: 7/10
  1505 | D:3      | Found a sparkling altar of Nemelex Xobeh.
  1555 | D:3      | Found a shadowy altar of Dithmenos.
  2091 | D:3      | Reached XP level 4. HP: 24/24 MP: 9/12
  2288 | D:4      | Reached skill level 3 in Hexes
  2415 | D:4      | Learned a level 4 spell: Fulminant Prism
  2420 | D:4      | Learned a level 4 spell: Iskenderun's Mystic Blast
  2501 | D:4      | Found a glowing silver altar of Zin.
  2796 | D:4      | Noticed an ogre
  2801 | D:4      | Killed an ogre
  2802 | D:4      | Reached XP level 5. HP: 28/28 MP: 6/14
  2855 | D:4      | Got the Precepts of Fulmination and the Body
  2987 | D:5      | Entered Level 5 of the Dungeon
  2987 | D:5      | Found a broken altar of Ashenzari.
  3004 | D:5      | Noticed a black bear
  3011 | D:5      | Killed a black bear
  3012 | D:5      | Reached XP level 6. HP: 32/32 MP: 6/16
  3098 | D:5      | Found a staircase to the Ecumenical Temple.
  3109 | Temple   | Entered the Ecumenical Temple
  3297 | D:5      | Noticed an acid dragon
  3298 | D:5      | Killed from afar by an acid dragon

Illustrated notes

Levels and vault maps discovered:
D:1:      lightli_arrival_isolated_outpost, layout_loops_ring,
          nicolae_concentric_dashed_squares_mild
D:2:      layout_rooms, basic_altar, minmay_pentomino_v2
D:3:      layout_loops_cross, mainiacjoe_overflow_alcove_1,
          nemelex_spade_bored_becter, kennysheep_nondescript,
          kennysheep_generic_room_5
D:4:      minmay_chambers_of_twos, layout_cave_pools, zin_academy
D:5:      layout_loops_ring, nicolae_overflow_crystal_walls,
          minmay_temple_entry_sparse_star
Temple:   nicolae_temple_bog_church

Skill      XL: |  1  2  3  4  5 |
---------------+----------------+-----
Hexes          | 1 2 3 4 |  4.4
Spellcasting   | 4 5 |  5.6
Conjurations   | 5 |  5.9
Dodging        | |  2.4
Stealth        | |  2.4

Action                     |  1- 3 |  4- 6 || total
---------------------------+-------+-------++-------
   Cast: Magic Dart        |    62 |    35 ||    97
         Searing Ray       |     2 |     5 ||     7
    Use: Scroll            |       |     8 ||     8
  Dodge: Dodged            |     1 |     2 ||     3

Table legend: (Time is in decaauts)
 A = Elapsed time spent in this place.
 B = Non-inter-level travel time spent in this place.
 C = Inter-level travel time spent in this place.
 D = Time resting spent in this place.
 E = Time spent auto-exploring this place.
 F = Levels seen in this place.
 G = Mean time per level.
                   A        B        C        D        E       F      G
               +--------+--------+--------+--------+--------+-----+--------+
         Total |   3313 |   3189 |    124 |      0 |   2909 |   6 |  552.2 |
       Dungeon |   3117 |   3010 |    107 |      0 |   2740 |   5 |  623.4 |
        Temple |    196 |    179 |     17 |      0 |    169 |   1 |  196.0 |
               +--------+--------+--------+--------+--------+-----+--------+

Top non-repeatable levels by time:
     D:4: 822 daAuts
     D:3: 818 daAuts
     D:1: 805 daAuts
     D:2: 543 daAuts
  Temple: 196 daAuts
     D:5: 126 daAuts
